Blues vs Sharks
Created - June 10, 2022 at 23:36
Goals
|
| Blues |
1 |
1 |
2 |
4 |
| Sharks |
2 |
1 |
2 |
5 |
|
Shots
|
| Blues |
6 |
12 |
12 |
30 |
| Sharks |
12 |
13 |
15 |
40 |
|
1st period
1. Blues , Drew Shore 13 (Alex Pietrangelo 75, Patrick Kaleta 8) at 1:14
2. Sharks , Brandon Gormley 7 (Ben Lovejoy 8, Boone Jenner 17) at 9:53 (PP)
3. Sharks , Gustav Nyquist 7 (Luke Adam 8, Karl Alzner 20) at 16:55
Penalties :
Alex Pietrangelo (Stl) for Tripping (Minor) at 9:04
2nd period
4. Sharks , Brandon Dubinsky 25 (Ben Smith 39, Tyler Cuma 27) at 6:43
5. Blues , Filip Forsberg 33 (Alex Pietrangelo 76) at 7:12
Penalties :
No Penalty
3rd period
6. Blues , Filip Forsberg 34 (Nicklas Backstrom 71, Tyler Johnson 57) at 5:01 (PP)
7. Sharks , Ben Smith 23 (Brandon Dubinsky 40) at 5:07
8. Sharks , Ben Smith 24 (Tyler Cuma 28, Brandon Dubinsky 41) at 6:34 (PP)
9. Blues , Tyler Johnson 47 (Filip Forsberg 38, Nicklas Backstrom 72) at 15:31
Penalties :
Ben Smith (S.J) for Hooking (Minor) at 4:43, David Perron (Stl) for Holding (Minor) at 5:50, Jacob Slavin (Stl) for Holding (Minor) at 13:01
Goalie Stats
Joonas Korpisalo (Stl), 35 saves from 40 shots - (0.875), L, 9-5-2, 59:25 minutes
Philipp Grubauer (S.J), 26 saves from 30 shots - (0.867), W, 30-24-9, 60:00 minutes
Players Stats for Blues
Player Name G A P +/- PIM S H SB GA TA FO MP PP MP PK MP
------------------------------------------------------------------------------------
Alex Pietrangelo 0 2 2 0 2 3 1 0 3 0 0/0 28:05 0:14 0:22
Anthony Mantha 0 0 0 -1 0 2 1 0 1 0 3/3 13:31 0:00 0:00
Auston Matthews 0 0 0 -1 0 2 1 0 1 0 1/2 13:31 0:00 0:00
Brandon Montour 0 0 0 0 0 0 0 0 1 0 0/0 11:43 0:04 0:39
Cody Ceci 0 0 0 0 0 1 1 1 0 0 0/0 19:55 0:00 2:15
David Perron 0 0 0 0 2 2 1 0 1 0 0/0 17:10 0:00 0:11
Devin Shore 0 0 0 0 0 1 1 0 0 0 5/11 17:00 0:00 0:00
Drew Shore 1 0 1 1 0 2 1 0 0 0 3/10 9:35 0:00 2:47
Filip Forsberg 2 1 3 0 0 2 1 0 1 0 0/0 19:06 0:18 0:00
Jacob Slavin 0 0 0 0 2 0 1 5 1 0 0/0 17:53 0:14 0:16
Ladislav Smid 0 0 0 0 0 1 1 0 1 1 0/0 13:23 0:00 1:17
Matt Martin 0 0 0 -1 0 4 2 0 0 0 0/0 12:19 0:00 0:00
Nicklas Backstrom 0 2 2 0 0 2 0 0 1 1 19/36 19:06 0:18 0:00
Patrick Kaleta 0 1 1 1 0 0 0 0 0 0 1/1 7:23 0:00 0:32
Riley Sheahan 0 0 0 0 0 2 3 0 1 0 0/0 17:35 0:00 0:32
Ryan Murray 0 0 0 0 0 2 1 1 0 0 0/0 29:02 0:04 2:15
Samuel Morin 0 0 0 1 0 0 0 0 0 0 0/0 8:13 0:00 0:13
Tyler Johnson 1 1 2 0 0 4 1 0 0 1 2/3 21:55 0:18 2:49
Players Stats for Sharks
Player Name G A P +/- PIM S H SB GA TA FO MP PP MP PK MP
------------------------------------------------------------------------------------
Ben Lovejoy 0 1 1 0 0 0 0 0 0 0 0/0 18:28 1:34 0:00
Ben Smith 2 1 3 0 2 7 1 1 2 2 0/1 21:52 2:10 0:00
Bobby Butler 0 0 0 1 0 1 0 0 0 0 0/0 13:45 0:00 0:00
Boone Jenner 0 1 1 -1 0 1 3 0 0 1 9/16 15:47 1:22 0:00
Brandon Dubinsky 1 2 3 0 0 7 3 1 0 0 20/39 22:11 2:10 0:18
Brandon Gormley 1 0 1 0 0 3 1 1 0 2 0/0 18:28 1:34 0:00
David Booth 0 0 0 0 0 3 1 0 0 0 1/2 22:11 2:10 0:18
Gustav Nyquist 1 0 1 1 0 2 1 0 0 0 0/0 13:45 0:00 0:00
Jiri Tlusty 0 0 0 0 0 0 1 0 0 0 0/0 8:17 0:00 0:00
Karl Alzner 0 1 1 0 0 2 1 0 0 0 0/0 12:07 0:00 0:00
Luke Adam 0 1 1 1 0 2 1 0 0 0 1/3 13:45 0:00 0:00
Mike Lundin 0 0 0 0 0 0 3 1 1 4 0/0 29:25 1:58 0:18
Oscar Sundqvist 0 0 0 0 0 1 0 0 0 0 1/3 8:17 0:00 0:00
Oskar Osala 0 0 0 0 0 2 1 0 0 0 0/0 8:17 0:00 0:00
Ronalds Kenins 0 0 0 -1 0 2 2 0 0 2 0/2 15:47 1:22 0:00
Steve Eminger 0 0 0 0 0 1 0 0 0 0 0/0 12:07 0:00 0:00
Tyler Cuma 0 2 2 0 0 4 1 0 0 1 0/0 29:25 1:58 0:18
Wayne Simmonds 0 0 0 -1 0 2 1 1 0 0 0/0 15:47 1:22 0:00
3 Stars
1 - Filip Forsberg (Stl)
2 - Brandon Dubinsky (S.J)
3 - Ben Smith (S.J)
Power Play
Blues - 1 on 1 Attempt(s) - 100.00%
Sharks - 2 on 3 Attempt(s) - 66.67%
Penalty Kill
Blues - 1 on 3 Attempt(s) - 33.33%
- Score 0 goal in Penalty Kill
Sharks - 0 on 1 Attempt(s) - 0.00%
- Score 0 goal in Penalty Kill
Team Stat
Blues - Hits : 17 - Faceoff Wins : 34 - Blocked Shots : 7 - Penalty Minutes : 6
Sharks - Hits : 21 - Faceoff Wins : 32 - Blocked Shots : 5 - Penalty Minutes : 2
Official
Referees : Jon McIsaac and Dan Kelly
Linesman : Vaughan Rody and Shandor Alphonso
Game Notes
15:19 of 3rd period - Blues goal is going for a video replay. After video review, No Goal. The puck has been kicked using a distinct kicking motion.
15:31 of 3rd period - Blues goal is going for a video replay. After video review, Goal.
Finance
Level 1 -- Attendance: 5948 (99.13%) -- Ticket Income $594,800
Level 2 -- Attendance: 5000 (100.00%) -- Ticket Income $300,000
Level 3 -- Attendance: 2000 (100.00%) -- Ticket Income $70,000
Level 4 -- Attendance: 3600 (90.00%) -- Ticket Income $90,000
Luxury Box -- Attendance: 889 (88.90%) -- Ticket Income $177,800
Game was played at the SAP Center.
Total Attendance: 17437 (96.87%)
Total Ticket Income: $1,232,600
Other Income: $184,890
Total Income: $1,417,490
Blues
5 vs 5 Forward
Center Left Wing Right Wing Time % Phy DF OF
1 Nicklas Backstrom Filip Forsberg Tyler Johnson 40 1 2 2
2 Devin Shore David Perron Riley Sheahan 30 1 2 2
3 Auston Matthews Matt Martin Anthony Mantha 20 1 2 2
4 Drew Shore Samuel Morin Patrick Kaleta 10 1 2 2
5 vs 5 Defense
Defense Defense Time % Phy DF OF
1 Alex Pietrangelo Ryan Murray 40 1 2 2
2 Jacob Slavin Cody Ceci 30 1 2 2
3 Ladislav Smid Brandon Montour 20 1 2 2
4 Ryan Murray Alex Pietrangelo 10 1 2 2
PowerPlay Forward
Center Left Wing Right Wing Time % Phy DF OF
1 Nicklas Backstrom Filip Forsberg Tyler Johnson 60 1 2 2
2 Auston Matthews David Perron Riley Sheahan 40 1 2 2
PowerPlay Defense
Defense Defense Time % Phy DF OF
1 Alex Pietrangelo Jacob Slavin 60 1 2 2
2 Brandon Montour Ryan Murray 40 1 2 2
Penalty Kill 4 Players Forward
Center Wing Time % Phy DF OF
1 Drew Shore Tyler Johnson 60 1 2 2
2 Riley Sheahan Patrick Kaleta 40 1 2 2
Penalty Kill 4 Players Defense
Defense Defense Time % Phy DF OF
1 Cody Ceci Ryan Murray 60 1 2 2
2 Ladislav Smid Jacob Slavin 40 1 2 2
Penalty Kill - 3 Players Forward
Forward Time % Phy DF OF
1 Riley Sheahan 60 1 2 2
2 Drew Shore 40 1 2 2
Penalty Kill - 3 Players Defense
Defense Defense Time % Phy DF OF
1 Cody Ceci Ladislav Smid 60 1 2 2
2 Ryan Murray Jacob Slavin 40 1 2 2
4 vs 4 Forward
Center Wing Time % Phy DF OF
1 Nicklas Backstrom Filip Forsberg 60 1 2 2
2 Drew Shore Tyler Johnson 40 1 2 2
4 vs 4 Defense
Defense Defense Time % Phy DF OF
1 Alex Pietrangelo Cody Ceci 60 1 2 2
2 Brandon Montour Ryan Murray 40 1 2 2
Last Minutes Offensive
Center Left Wing Right Wing Defense Defense
Nicklas Backstrom Filip Forsberg Tyler Johnson Alex Pietrangelo Jacob Slavin
Last Minutes Defensive
Center Left Wing Right Wing Defense Defense
Drew Shore David Perron Tyler Johnson Cody Ceci Ladislav Smid
Goaltenders
Starting : Joonas Korpisalo
Backup : Carey Price
Extra Forwards
Normal : Anthony Mantha, Auston Matthews, Samuel Morin - PP : Anthony Mantha, Devin Shore - PK : Samuel Morin
Extra Defensemen
Normal : Ladislav Smid, Brandon Montour, Jacob Slavin - PP : Brandon Montour - PK : Alex Pietrangelo, Brandon Montour
Penalty Shots
David Perron, Auston Matthews, Devin Shore, Filip Forsberg, Tyler Johnson
Scratches
Linus Omark (Healthy), Martin Marincin (Healthy), Peter Regin (Healthy)
Sharks
5 vs 5 Forward
Center Left Wing Right Wing Time % Phy DF OF
1 Brandon Dubinsky David Booth Ben Smith 40 1 2 2
2 Boone Jenner Ronalds Kenins Wayne Simmonds 30 1 2 2
3 Luke Adam Gustav Nyquist Bobby Butler 20 1 2 2
4 Oscar Sundqvist Jiri Tlusty Oskar Osala 10 1 2 2
5 vs 5 Defense
Defense Defense Time % Phy DF OF
1 Mike Lundin Tyler Cuma 40 1 2 2
2 Ben Lovejoy Brandon Gormley 30 1 2 2
3 Karl Alzner Steve Eminger 20 1 2 2
4 Mike Lundin Tyler Cuma 10 1 2 2
PowerPlay Forward
Center Left Wing Right Wing Time % Phy DF OF
1 Brandon Dubinsky David Booth Ben Smith 60 1 2 2
2 Boone Jenner Ronalds Kenins Wayne Simmonds 40 1 2 2
PowerPlay Defense
Defense Defense Time % Phy DF OF
1 Mike Lundin Tyler Cuma 60 1 2 2
2 Ben Lovejoy Brandon Gormley 40 1 2 2
Penalty Kill 4 Players Forward
Center Wing Time % Phy DF OF
1 Brandon Dubinsky David Booth 60 1 4 0
2 Boone Jenner Ronalds Kenins 40 1 4 0
Penalty Kill 4 Players Defense
Defense Defense Time % Phy DF OF
1 Mike Lundin Tyler Cuma 60 1 4 0
2 Ben Lovejoy Brandon Gormley 40 1 4 0
Penalty Kill - 3 Players Forward
Forward Time % Phy DF OF
1 Brandon Dubinsky 60 1 4 0
2 Boone Jenner 40 1 4 0
Penalty Kill - 3 Players Defense
Defense Defense Time % Phy DF OF
1 Mike Lundin Tyler Cuma 60 1 4 0
2 Ben Lovejoy Brandon Gormley 40 1 4 0
4 vs 4 Forward
Center Wing Time % Phy DF OF
1 Brandon Dubinsky David Booth 60 1 2 2
2 Boone Jenner Ronalds Kenins 40 1 2 2
4 vs 4 Defense
Defense Defense Time % Phy DF OF
1 Mike Lundin Tyler Cuma 60 1 2 2
2 Ben Lovejoy Brandon Gormley 40 1 2 2
Last Minutes Offensive
Center Left Wing Right Wing Defense Defense
Brandon Dubinsky David Booth Ben Smith Mike Lundin Tyler Cuma
Last Minutes Defensive
Center Left Wing Right Wing Defense Defense
Brandon Dubinsky David Booth Ben Smith Mike Lundin Tyler Cuma
Goaltenders
Starting : Philipp Grubauer
Backup : Anders Lindback
Extra Forwards
Normal : Ronalds Kenins, Boone Jenner, Bobby Butler - PP : Ronalds Kenins, Boone Jenner - PK : Ronalds Kenins
Extra Defensemen
Normal : Brandon Gormley, Karl Alzner, Steve Eminger - PP : Brandon Gormley - PK : Brandon Gormley, Karl Alzner
Penalty Shots
Ben Smith, Wayne Simmonds, David Booth, Brandon Dubinsky, Ronalds Kenins
Scratches
Alexander Steen (Healthy), Brayden McNabb (Healthy), Dion Phaneuf (Broken Right Foot Toe Injury), Zach Boychuk (Healthy)
% Time on Ice - Blues
Lines # - Real PCT - Wanted PCT - Time Play
Normal Forward
1 - 34% - 40% - 18:48
2 - 31% - 30% - 17:03
3 - 22% - 20% - 12:19
4 - 12% - 10% - 6:48
Normal Defense
1 - 40% - 40% - 21:57
2 - 31% - 30% - 17:15
3 - 20% - 20% - 11:00
4 - 9% - 10% - 4:46
PP Forward
1 - 100% - 60% - 0:18
2 - 0% - 40% - 0:00
PP Defense
1 - 78% - 60% - 0:14
2 - 22% - 40% - 0:04
PK Forward
1 - 85% - 60% - 3:00
2 - 15% - 40% - 0:32
PK Defense
1 - 64% - 60% - 2:15
2 - 36% - 40% - 1:17
PK3 Forward
1 - 0% - 60%
2 - 0% - 40%
PK3 Defense
1 - 0% - 60%
2 - 0% - 40%
44 Forward
1 - 0% - 60%
2 - 0% - 40%
44 Defense
1 - 0% - 60%
2 - 0% - 40%
Last Minute Offensive - 1:12
Last Minute Defensive - 0:00
Total
Forward - 60:00
Defense - 60:00
|
% Time on Ice - Sharks
Lines # - Real PCT - Wanted PCT - Time Play
Normal Forward
1 - 34% - 40% - 18:28
2 - 26% - 30% - 14:25
3 - 25% - 20% - 13:45
4 - 15% - 10% - 8:17
Normal Defense
1 - 39% - 40% - 21:41
2 - 31% - 30% - 16:45
3 - 22% - 20% - 12:07
4 - 8% - 10% - 4:22
PP Forward
1 - 61% - 60% - 2:10
2 - 39% - 40% - 1:22
PP Defense
1 - 56% - 60% - 1:58
2 - 44% - 40% - 1:34
PK Forward
1 - 100% - 60% - 0:18
2 - 0% - 40% - 0:00
PK Defense
1 - 100% - 60% - 0:18
2 - 0% - 40% - 0:00
PK3 Forward
1 - 0% - 60%
2 - 0% - 40%
PK3 Defense
1 - 0% - 60%
2 - 0% - 40%
44 Forward
1 - 0% - 60%
2 - 0% - 40%
44 Defense
1 - 0% - 60%
2 - 0% - 40%
Last Minute Offensive - 0:00
Last Minute Defensive - 1:15
Total
Forward - 60:00
Defense - 60:00
|
Play-by-Play
1st period
0:01 of 1st period - Nicklas Backstrom wins face-off versus Brandon Dubinsky in neutral zone.
0:04 of 1st period - Wrist shot by Nicklas Backstrom.
0:04 of 1st period - Shot Misses the Net.
0:26 of 1st period - Mike Lundin is hit by Riley Sheahan and loses puck.
1:10 of 1st period - Snap shot by Drew Shore.
1:10 of 1st period - Stopped by Philipp Grubauer without a rebound.
1:11 of 1st period - Patrick Kaleta wins face-off versus Brandon Dubinsky in Sharks zone.
1:14 of 1st period - Wrist shot by Drew Shore.
1:14 of 1st period - Goal by Drew Shore - Blues : 1 - Sharks : 0.
1:15 of 1st period - Brandon Dubinsky wins face-off versus Nicklas Backstrom in neutral zone.
2:48 of 1st period - Ben Smith is hit by Drew Shore and loses puck.
3:09 of 1st period - Cody Ceci is hit by Boone Jenner and loses puck.
4:21 of 1st period - Off-side.
4:22 of 1st period - Nicklas Backstrom wins face-off versus Brandon Dubinsky in neutral zone.
4:39 of 1st period - Wrist shot by Nicklas Backstrom.
4:39 of 1st period - Deflect By Filip Forsberg.
4:39 of 1st period - Shot Misses the Net.
4:39 of 1st period - Puck is out of play.
4:40 of 1st period - Devin Shore wins face-off versus Ronalds Kenins in Sharks zone.
4:45 of 1st period - Wrist shot by David Perron.
4:45 of 1st period - Stopped by Philipp Grubauer without a rebound.
4:46 of 1st period - Boone Jenner wins face-off versus Devin Shore in Sharks zone.
6:17 of 1st period - Brandon Montour is hit by Ronalds Kenins and loses puck.
7:34 of 1st period - Wrist shot by Oskar Osala.
7:34 of 1st period - Stopped by Joonas Korpisalo without a rebound.
7:35 of 1st period - Nicklas Backstrom wins face-off versus Brandon Dubinsky in Blues zone.
8:59 of 1st period - Backhand shot by Brandon Dubinsky.
8:59 of 1st period - Stopped by Joonas Korpisalo with a rebound.
9:01 of 1st period - Wrist shot by Brandon Dubinsky.
9:01 of 1st period - Stopped by Joonas Korpisalo without a rebound.
9:02 of 1st period - Devin Shore wins face-off versus Luke Adam in Blues zone.
9:04 of 1st period - Minor Penalty to Alex Pietrangelo for Tripping.
9:05 of 1st period - Drew Shore wins face-off versus David Booth in Blues zone.
9:37 of 1st period - Icing by Wayne Simmonds.
9:38 of 1st period - Boone Jenner wins face-off versus Drew Shore in Sharks zone.
9:47 of 1st period - Wrist shot by Boone Jenner.
9:47 of 1st period - Shot Misses the Net.
9:49 of 1st period - Slapshot by Brandon Gormley.
9:49 of 1st period - Shot Blocked by Jacob Slavin.
9:51 of 1st period - Wrist shot by Ben Lovejoy.
9:51 of 1st period - Shot Blocked by Jacob Slavin.
9:53 of 1st period - Slapshot by Brandon Gormley.
9:53 of 1st period - Goal by Brandon Gormley - Blues : 1 - Sharks : 1.
9:54 of 1st period - Tyler Johnson wins face-off versus Brandon Dubinsky in neutral zone.
9:56 of 1st period - Off-side.
9:57 of 1st period - Nicklas Backstrom wins face-off versus Brandon Dubinsky in neutral zone.
10:13 of 1st period - Snap shot by Brandon Dubinsky.
10:13 of 1st period - Deflect By Ben Smith.
10:13 of 1st period - Stopped by Joonas Korpisalo with a rebound.
10:25 of 1st period - Wayne Simmonds is hit by David Perron and loses puck.
11:09 of 1st period - Off-side.
11:10 of 1st period - Brandon Dubinsky wins face-off versus Nicklas Backstrom in neutral zone.
11:57 of 1st period - Matt Martin is hit by Boone Jenner and loses puck.
12:16 of 1st period - Slapshot by Ben Smith.
12:16 of 1st period - Deflect By Brandon Dubinsky.
12:16 of 1st period - Shot Misses the Net.
12:16 of 1st period - Puck is out of play.
12:17 of 1st period - Drew Shore wins face-off versus Brandon Dubinsky in Blues zone.
13:31 of 1st period - Snap shot by Matt Martin.
13:31 of 1st period - Shot Misses the Net.
13:39 of 1st period - Slapshot by Gustav Nyquist.
13:39 of 1st period - Shot Misses the Net.
13:41 of 1st period - Slapshot by Brandon Gormley.
13:41 of 1st period - Deflect By Alex Pietrangelo.
13:41 of 1st period - Stopped by Joonas Korpisalo without a rebound.
13:42 of 1st period - Brandon Dubinsky wins face-off versus Nicklas Backstrom in Blues zone.
13:49 of 1st period - Wrist shot by David Booth.
13:49 of 1st period - Stopped by Joonas Korpisalo with a rebound.
14:05 of 1st period - Ben Smith is hit by Tyler Johnson and loses puck.
14:52 of 1st period - Snap shot by Nicklas Backstrom.
14:52 of 1st period - Shot Misses the Net.
15:07 of 1st period - Snap shot by David Booth.
15:07 of 1st period - Stopped by Joonas Korpisalo without a rebound.
15:08 of 1st period - Boone Jenner wins face-off versus Devin Shore in Blues zone.
15:19 of 1st period - Snap shot by Wayne Simmonds.
15:19 of 1st period - Shot Blocked by Jacob Slavin.
15:21 of 1st period - Snap shot by Ronalds Kenins.
15:21 of 1st period - Stopped by Joonas Korpisalo without a rebound.
15:22 of 1st period - Devin Shore wins face-off versus Boone Jenner in Blues zone.
15:27 of 1st period - David Perron is hit by Brandon Gormley and loses puck.
16:03 of 1st period - Off-side.
16:04 of 1st period - Oscar Sundqvist wins face-off versus Drew Shore in neutral zone.
16:07 of 1st period - Wrist shot by Jiri Tlusty.
16:07 of 1st period - Shot Misses the Net.
16:53 of 1st period - Wrist shot by Luke Adam.
16:53 of 1st period - Stopped by Joonas Korpisalo with a rebound.
16:55 of 1st period - Slapshot by Gustav Nyquist.
16:55 of 1st period - Goal by Gustav Nyquist - Blues : 1 - Sharks : 2.
16:56 of 1st period - Brandon Dubinsky wins face-off versus Nicklas Backstrom in neutral zone.
17:23 of 1st period - Snap shot by David Perron.
17:23 of 1st period - Shot Misses the Net.
17:25 of 1st period - Wrist shot by Devin Shore.
17:25 of 1st period - Stopped by Philipp Grubauer without a rebound.
17:26 of 1st period - Boone Jenner wins face-off versus Devin Shore in Sharks zone.
17:26 of 1st period - Boone Jenner is hit by Riley Sheahan.
17:36 of 1st period - Snap shot by Riley Sheahan.
17:36 of 1st period - Shot Misses the Net.
17:38 of 1st period - Wrist shot by David Perron.
17:38 of 1st period - Stopped by Philipp Grubauer without a rebound.
17:39 of 1st period - Nicklas Backstrom wins face-off versus Brandon Dubinsky in Sharks zone.
18:06 of 1st period - Ryan Murray is hit by Tyler Cuma and loses puck.
18:19 of 1st period - Slapshot by Tyler Cuma.
18:19 of 1st period - Deflect By Cody Ceci.
18:19 of 1st period - Stopped by Joonas Korpisalo with a rebound.
18:50 of 1st period - Slapshot by Riley Sheahan.
18:50 of 1st period - Shot Misses the Net.
18:52 of 1st period - Wrist shot by Riley Sheahan.
18:52 of 1st period - Stopped by Philipp Grubauer without a rebound.
18:53 of 1st period - Brandon Dubinsky wins face-off versus Nicklas Backstrom in Sharks zone.
19:19 of 1st period - Karl Alzner is hit by Alex Pietrangelo and loses puck.
19:48 of 1st period - Slapshot by Alex Pietrangelo.
19:48 of 1st period - Shot Misses the Net.
19:50 of 1st period - Slapshot by Alex Pietrangelo.
19:50 of 1st period - Deflect By Drew Shore.
19:50 of 1st period - Shot Misses the Net.
19:50 of 1st period - Puck is out of play.
19:51 of 1st period - Brandon Dubinsky wins face-off versus Nicklas Backstrom in Sharks zone.
Goals for this period are 1 for Blues vs 2 for Sharks.
Shots for this period are 6 for Blues vs 12 for Sharks.
2nd period
0:01 of 2nd period - Brandon Dubinsky wins face-off versus Nicklas Backstrom in neutral zone.
0:04 of 2nd period - Slapshot by Ben Smith.
0:04 of 2nd period - Deflect By David Booth.
0:04 of 2nd period - Stopped by Joonas Korpisalo with a rebound.
0:06 of 2nd period - Slapshot by Brandon Dubinsky.
0:06 of 2nd period - Shot Misses the Net.
0:26 of 2nd period - Devin Shore is hit by Ronalds Kenins and loses puck.
0:33 of 2nd period - Slapshot by Ronalds Kenins.
0:33 of 2nd period - Shot Misses the Net.
2:35 of 2nd period - Snap shot by Luke Adam.
2:35 of 2nd period - Shot Misses the Net.
2:45 of 2nd period - Bobby Butler is hit by Anthony Mantha and loses puck.
3:12 of 2nd period - Snap shot by Alex Pietrangelo.
3:12 of 2nd period - Stopped by Philipp Grubauer with a rebound.
3:14 of 2nd period - Slapshot by Ryan Murray.
3:14 of 2nd period - Stopped by Philipp Grubauer with a rebound.
3:16 of 2nd period - Slapshot by Ryan Murray.
3:16 of 2nd period - Stopped by Philipp Grubauer without a rebound.
3:17 of 2nd period - Nicklas Backstrom wins face-off versus Brandon Dubinsky in Sharks zone.
3:28 of 2nd period - Slapshot by Brandon Dubinsky.
3:28 of 2nd period - Stopped by Joonas Korpisalo without a rebound.
3:29 of 2nd period - Nicklas Backstrom wins face-off versus Brandon Dubinsky in Blues zone.
3:38 of 2nd period - Slapshot by Mike Lundin.
3:38 of 2nd period - Shot Blocked by Jacob Slavin.
3:46 of 2nd period - Snap shot by Nicklas Backstrom.
3:46 of 2nd period - Stopped by Philipp Grubauer without a rebound.
3:47 of 2nd period - Devin Shore wins face-off versus Boone Jenner in Sharks zone.
4:43 of 2nd period - Slapshot by Oskar Osala.
4:43 of 2nd period - Stopped by Joonas Korpisalo without a rebound.
4:44 of 2nd period - Brandon Dubinsky wins face-off versus Devin Shore in Blues zone.
5:37 of 2nd period - Snap shot by Oscar Sundqvist.
5:37 of 2nd period - Stopped by Joonas Korpisalo with a rebound.
6:05 of 2nd period - Slapshot by Tyler Cuma.
6:05 of 2nd period - Stopped by Joonas Korpisalo without a rebound.
6:06 of 2nd period - Brandon Dubinsky wins face-off versus Nicklas Backstrom in Blues zone.
6:13 of 2nd period - Snap shot by Brandon Dubinsky.
6:13 of 2nd period - Deflect By Tyler Johnson.
6:13 of 2nd period - Shot Hit the Post.
6:13 of 2nd period - Puck is out of play.
6:14 of 2nd period - Nicklas Backstrom wins face-off versus Brandon Dubinsky in Blues zone.
6:29 of 2nd period - Wrist shot by Brandon Dubinsky.
6:29 of 2nd period - Stopped by Joonas Korpisalo with a rebound.
6:43 of 2nd period - Wrist shot by Brandon Dubinsky.
6:43 of 2nd period - Goal by Brandon Dubinsky - Blues : 1 - Sharks : 3.
6:44 of 2nd period - Nicklas Backstrom wins face-off versus Brandon Dubinsky in neutral zone.
6:51 of 2nd period - Slapshot by Alex Pietrangelo.
6:51 of 2nd period - Stopped by Philipp Grubauer without a rebound.
6:52 of 2nd period - Brandon Dubinsky wins face-off versus Nicklas Backstrom in Sharks zone.
7:01 of 2nd period - Filip Forsberg is hit by Brandon Dubinsky and loses puck.
7:12 of 2nd period - Snap shot by Filip Forsberg.
7:12 of 2nd period - Goal by Filip Forsberg - Blues : 2 - Sharks : 3.
7:13 of 2nd period - Tyler Johnson wins face-off versus Boone Jenner in neutral zone.
8:05 of 2nd period - Snap shot by Cody Ceci.
8:05 of 2nd period - Stopped by Philipp Grubauer with a rebound.
8:22 of 2nd period - Off-side.
8:23 of 2nd period - Drew Shore wins face-off versus Ronalds Kenins in neutral zone.
8:28 of 2nd period - Wrist shot by Wayne Simmonds.
8:28 of 2nd period - Deflect By Ronalds Kenins.
8:28 of 2nd period - Shot Misses the Net.
8:28 of 2nd period - Puck is out of play.
8:29 of 2nd period - Nicklas Backstrom wins face-off versus Brandon Dubinsky in Blues zone.
9:05 of 2nd period - Wrist shot by Matt Martin.
9:05 of 2nd period - Stopped by Philipp Grubauer with a rebound.
9:07 of 2nd period - Snap shot by Ladislav Smid.
9:07 of 2nd period - Deflect By Matt Martin.
9:07 of 2nd period - Stopped by Philipp Grubauer with a rebound.
9:09 of 2nd period - Slapshot by Matt Martin.
9:09 of 2nd period - Stopped by Philipp Grubauer without a rebound.
9:10 of 2nd period - Nicklas Backstrom wins face-off versus Oscar Sundqvist in Sharks zone.
9:21 of 2nd period - Wrist shot by Tyler Johnson.
9:21 of 2nd period - Stopped by Philipp Grubauer with a rebound.
9:46 of 2nd period - Wrist shot by Brandon Dubinsky.
9:46 of 2nd period - Deflect By Ben Smith.
9:46 of 2nd period - Stopped by Joonas Korpisalo with a rebound.
9:48 of 2nd period - Slapshot by Steve Eminger.
9:48 of 2nd period - Stopped by Joonas Korpisalo without a rebound.
9:49 of 2nd period - Devin Shore wins face-off versus Brandon Dubinsky in Blues zone.
10:41 of 2nd period - Snap shot by Luke Adam.
10:41 of 2nd period - Shot Blocked by Cody Ceci.
10:43 of 2nd period - Slapshot by Karl Alzner.
10:43 of 2nd period - Stopped by Joonas Korpisalo without a rebound.
10:44 of 2nd period - Brandon Dubinsky wins face-off versus Nicklas Backstrom in Blues zone.
10:55 of 2nd period - Snap shot by Ben Smith.
10:55 of 2nd period - Stopped by Joonas Korpisalo with a rebound.
10:57 of 2nd period - Snap shot by Ben Smith.
10:57 of 2nd period - Shot Misses the Net.
10:59 of 2nd period - Wrist shot by Brandon Dubinsky.
10:59 of 2nd period - Shot Blocked by Ryan Murray.
11:01 of 2nd period - Slapshot by David Booth.
11:01 of 2nd period - Shot Misses the Net.
11:15 of 2nd period - Slapshot by Alex Pietrangelo.
11:15 of 2nd period - Shot Misses the Net.
11:39 of 2nd period - Slapshot by Matt Martin.
11:39 of 2nd period - Shot Blocked by Mike Lundin.
11:45 of 2nd period - Wrist shot by Auston Matthews.
11:45 of 2nd period - Stopped by Philipp Grubauer without a rebound.
11:46 of 2nd period - Brandon Dubinsky wins face-off versus Nicklas Backstrom in Sharks zone.
12:04 of 2nd period - Off-side.
12:05 of 2nd period - Boone Jenner wins face-off versus Devin Shore in neutral zone.
14:24 of 2nd period - Slapshot by Wayne Simmonds.
14:24 of 2nd period - Stopped by Joonas Korpisalo without a rebound.
14:25 of 2nd period - Nicklas Backstrom wins face-off versus Oscar Sundqvist in Blues zone.
14:25 of 2nd period - Nicklas Backstrom is hit by Karl Alzner.
15:59 of 2nd period - Jacob Slavin is hit by David Booth and loses puck.
16:24 of 2nd period - Devin Shore is hit by Jiri Tlusty and loses puck.
17:00 of 2nd period - Snap shot by Bobby Butler.
17:00 of 2nd period - Stopped by Joonas Korpisalo without a rebound.
17:01 of 2nd period - Luke Adam wins face-off versus Devin Shore in Blues zone.
17:46 of 2nd period - Alex Pietrangelo is hit by Mike Lundin and loses puck.
18:13 of 2nd period - Snap shot by Luke Adam.
18:13 of 2nd period - Shot Misses the Net.
18:31 of 2nd period - Riley Sheahan is hit by Gustav Nyquist and loses puck.
18:44 of 2nd period - Snap shot by David Perron.
18:44 of 2nd period - Shot Misses the Net.
Goals for this period are 1 for Blues vs 1 for Sharks.
Shots for this period are 12 for Blues vs 13 for Sharks.
3rd period
0:01 of 3rd period - Nicklas Backstrom wins face-off versus Brandon Dubinsky in neutral zone.
0:04 of 3rd period - David Booth is hit by Ryan Murray and loses puck.
0:13 of 3rd period - Snap shot by Nicklas Backstrom.
0:13 of 3rd period - Stopped by Philipp Grubauer without a rebound.
0:14 of 3rd period - Brandon Dubinsky wins face-off versus Nicklas Backstrom in Sharks zone.
0:41 of 3rd period - Ronalds Kenins is hit by Matt Martin and loses puck.
0:52 of 3rd period - Wrist shot by Wayne Simmonds.
0:52 of 3rd period - Stopped by Joonas Korpisalo with a rebound.
1:04 of 3rd period - Oskar Osala is hit by Riley Sheahan and loses puck.
1:29 of 3rd period - Snap shot by Samuel Morin.
1:29 of 3rd period - Shot Misses the Net.
1:49 of 3rd period - David Booth is hit by Cody Ceci and loses puck.
2:10 of 3rd period - Slapshot by Anthony Mantha.
2:10 of 3rd period - Shot Misses the Net.
2:12 of 3rd period - Slapshot by Jacob Slavin.
2:12 of 3rd period - Shot Misses the Net.
2:32 of 3rd period - Wrist shot by Oscar Sundqvist.
2:32 of 3rd period - Shot Misses the Net.
3:10 of 3rd period - Slapshot by Ben Smith.
3:10 of 3rd period - Stopped by Joonas Korpisalo with a rebound.
3:34 of 3rd period - Slapshot by Matt Martin.
3:34 of 3rd period - Shot Misses the Net.
3:40 of 3rd period - Karl Alzner is hit by Matt Martin and loses puck.
4:43 of 3rd period - Minor Penalty to Ben Smith for Hooking.
4:44 of 3rd period - David Booth wins face-off versus Nicklas Backstrom in Sharks zone.
4:52 of 3rd period - David Booth is hit by Jacob Slavin and loses puck.
5:01 of 3rd period - Snap shot by Filip Forsberg.
5:01 of 3rd period - Goal by Filip Forsberg - Blues : 3 - Sharks : 3.
5:02 of 3rd period - Brandon Dubinsky wins face-off versus Nicklas Backstrom in neutral zone.
5:07 of 3rd period - Snap shot by Ben Smith.
5:07 of 3rd period - Goal by Ben Smith - Blues : 3 - Sharks : 4.
5:08 of 3rd period - Nicklas Backstrom wins face-off versus Brandon Dubinsky in neutral zone.
5:12 of 3rd period - Alex Pietrangelo is hit by Mike Lundin and loses puck.
5:17 of 3rd period - Backhand shot by Tyler Johnson.
5:17 of 3rd period - Stopped by Philipp Grubauer with a rebound.
5:19 of 3rd period - Backhand shot by Ryan Murray.
5:19 of 3rd period - Shot Blocked by Brandon Dubinsky.
5:21 of 3rd period - Snap shot by Tyler Johnson.
5:21 of 3rd period - Stopped by Philipp Grubauer without a rebound.
5:22 of 3rd period - Nicklas Backstrom wins face-off versus Brandon Dubinsky in Sharks zone.
5:31 of 3rd period - Slapshot by Alex Pietrangelo.
5:31 of 3rd period - Shot Misses the Net.
5:50 of 3rd period - Minor Penalty to David Perron for Holding.
5:51 of 3rd period - Brandon Dubinsky wins face-off versus Drew Shore in Blues zone.
5:56 of 3rd period - Slapshot by Tyler Cuma.
5:56 of 3rd period - Stopped by Joonas Korpisalo without a rebound.
5:57 of 3rd period - Brandon Dubinsky wins face-off versus Drew Shore in Blues zone.
6:34 of 3rd period - Snap shot by Ben Smith.
6:34 of 3rd period - Goal by Ben Smith - Blues : 3 - Sharks : 5.
6:35 of 3rd period - Boone Jenner wins face-off versus Auston Matthews in neutral zone.
7:43 of 3rd period - Alex Pietrangelo is hit by Wayne Simmonds and loses puck.
8:05 of 3rd period - Wrist shot by Riley Sheahan.
8:05 of 3rd period - Stopped by Philipp Grubauer without a rebound.
8:06 of 3rd period - Brandon Dubinsky wins face-off versus Tyler Johnson in Sharks zone.
8:20 of 3rd period - Snap shot by Mike Lundin.
8:20 of 3rd period - Deflect By David Booth.
8:20 of 3rd period - Shot Misses the Net.
8:20 of 3rd period - Puck is out of play.
8:21 of 3rd period - Boone Jenner wins face-off versus Nicklas Backstrom in Blues zone.
8:30 of 3rd period - Backhand shot by Tyler Cuma.
8:30 of 3rd period - Stopped by Joonas Korpisalo with a rebound.
8:46 of 3rd period - Ryan Murray is hit by Mike Lundin and loses puck.
8:51 of 3rd period - Wrist shot by Ben Smith.
8:51 of 3rd period - Shot Misses the Net.
8:53 of 3rd period - Snap shot by Brandon Dubinsky.
8:53 of 3rd period - Shot Misses the Net.
8:55 of 3rd period - Wrist shot by Brandon Dubinsky.
8:55 of 3rd period - Shot Misses the Net.
8:57 of 3rd period - Snap shot by Brandon Gormley.
8:57 of 3rd period - Shot Misses the Net.
9:15 of 3rd period - Riley Sheahan is hit by Oskar Osala and loses puck.
9:28 of 3rd period - Wrist shot by Wayne Simmonds.
9:28 of 3rd period - Shot Misses the Net.
9:30 of 3rd period - Wrist shot by Karl Alzner.
9:30 of 3rd period - Deflect By David Perron.
9:30 of 3rd period - Stopped by Joonas Korpisalo without a rebound.
9:31 of 3rd period - Nicklas Backstrom wins face-off versus Boone Jenner in Blues zone.
9:42 of 3rd period - Wrist shot by Ronalds Kenins.
9:42 of 3rd period - Stopped by Joonas Korpisalo with a rebound.
10:15 of 3rd period - Slapshot by Ronalds Kenins.
10:15 of 3rd period - Shot Misses the Net.
11:05 of 3rd period - Wrist shot by Matt Martin.
11:05 of 3rd period - Shot Misses the Net.
11:07 of 3rd period - Snap shot by Auston Matthews.
11:07 of 3rd period - Stopped by Philipp Grubauer with a rebound.
11:09 of 3rd period - Wrist shot by Matt Martin.
11:09 of 3rd period - Stopped by Philipp Grubauer without a rebound.
11:10 of 3rd period - Brandon Dubinsky wins face-off versus Nicklas Backstrom in Sharks zone.
11:10 of 3rd period - Brandon Dubinsky is hit by Filip Forsberg.
11:55 of 3rd period - Snap shot by Brandon Dubinsky.
11:55 of 3rd period - Stopped by Joonas Korpisalo with a rebound.
11:57 of 3rd period - Snap shot by Mike Lundin.
11:57 of 3rd period - Shot Misses the Net.
12:15 of 3rd period - Wrist shot by Brandon Dubinsky.
12:15 of 3rd period - Stopped by Joonas Korpisalo without a rebound.
12:16 of 3rd period - Nicklas Backstrom wins face-off versus Boone Jenner in Blues zone.
12:44 of 3rd period - Off-side.
12:45 of 3rd period - Auston Matthews wins face-off versus Luke Adam in neutral zone.
12:58 of 3rd period - Snap shot by Luke Adam.
12:58 of 3rd period - Deflect By Bobby Butler.
12:58 of 3rd period - Shot Hit the Post.
12:58 of 3rd period - Puck is out of play.
12:59 of 3rd period - Nicklas Backstrom wins face-off versus Boone Jenner in Blues zone.
13:01 of 3rd period - Minor Penalty to Jacob Slavin for Holding.
13:02 of 3rd period - Brandon Dubinsky wins face-off versus Drew Shore in Blues zone.
13:54 of 3rd period - Slapshot by Alex Pietrangelo.
13:54 of 3rd period - Shot Blocked by Ben Smith.
13:56 of 3rd period - Slapshot by Alex Pietrangelo.
13:56 of 3rd period - Stopped by Philipp Grubauer with a rebound.
13:58 of 3rd period - Slapshot by Ladislav Smid.
13:58 of 3rd period - Stopped by Philipp Grubauer without a rebound.
13:59 of 3rd period - Boone Jenner wins face-off versus Drew Shore in Sharks zone.
14:04 of 3rd period - Wrist shot by Wayne Simmonds.
14:04 of 3rd period - Deflect By Boone Jenner.
14:04 of 3rd period - Stopped by Joonas Korpisalo without a rebound.
14:05 of 3rd period - Boone Jenner wins face-off versus Drew Shore in Blues zone.
15:01 of 3rd period - Penalty to Jacob Slavin is over, Jacob Slavin is back on ice.
15:13 of 3rd period - Wrist shot by Matt Martin.
15:13 of 3rd period - Shot Blocked by Brandon Gormley.
15:15 of 3rd period - Wrist shot by Auston Matthews.
15:15 of 3rd period - Shot Misses the Net.
15:17 of 3rd period - Slapshot by Anthony Mantha.
15:17 of 3rd period - Shot Misses the Net.
15:19 of 3rd period - Slapshot by Anthony Mantha.
15:19 of 3rd period - Blues goal is going for a video replay.
15:19 of 3rd period - The goal is refused. The puck has been kicked using a distinct kicking motion..
15:20 of 3rd period - Nicklas Backstrom wins face-off versus Boone Jenner in Sharks zone.
15:27 of 3rd period - Wrist shot by Filip Forsberg.
15:27 of 3rd period - Shot Blocked by Wayne Simmonds.
15:29 of 3rd period - Snap shot by Tyler Johnson.
15:29 of 3rd period - Shot Misses the Net.
15:31 of 3rd period - Wrist shot by Tyler Johnson.
15:31 of 3rd period - Blues goal is going for a video replay.
15:31 of 3rd period - The goal is good.
15:31 of 3rd period - Goal by Tyler Johnson - Blues : 4 - Sharks : 5.
15:32 of 3rd period - Brandon Dubinsky wins face-off versus Nicklas Backstrom in neutral zone.
15:37 of 3rd period - Snap shot by Ben Smith.
15:37 of 3rd period - Shot Blocked by Jacob Slavin.
16:15 of 3rd period - Tyler Cuma is hit by Devin Shore and loses puck.
16:32 of 3rd period - Wrist shot by Luke Adam.
16:32 of 3rd period - Stopped by Joonas Korpisalo with a rebound.
16:46 of 3rd period - Brandon Montour is hit by Ben Smith and loses puck.
17:05 of 3rd period - Oscar Sundqvist is hit by Ladislav Smid and loses puck.
17:34 of 3rd period - Snap shot by Brandon Gormley.
17:34 of 3rd period - Stopped by Joonas Korpisalo with a rebound.
17:44 of 3rd period - Brandon Dubinsky is hit by Auston Matthews and loses puck.
18:07 of 3rd period - Nicklas Backstrom is hit by Luke Adam and loses puck.
18:16 of 3rd period - Wrist shot by Gustav Nyquist.
18:16 of 3rd period - Stopped by Joonas Korpisalo with a rebound.
18:40 of 3rd period - Anthony Mantha is hit by Boone Jenner and loses puck.
18:51 of 3rd period - Blues, Joonas Korpisalo is pulled from the net.
18:53 of 3rd period - Snap shot by Anthony Mantha.
18:53 of 3rd period - Stopped by Philipp Grubauer without a rebound.
18:54 of 3rd period - Paul Kariya call a timeout for Blues.
18:54 of 3rd period - Anthony Mantha wins face-off versus Ben Smith in Sharks zone.
19:23 of 3rd period - Slapshot by Brandon Dubinsky.
19:23 of 3rd period - Shot Misses the Net.
19:25 of 3rd period - Slapshot by Tyler Cuma.
19:25 of 3rd period - Deflect By Brandon Dubinsky.
19:25 of 3rd period - Shot Misses the Net.
19:25 of 3rd period - Puck is out of play.
19:26 of 3rd period - Joonas Korpisalo from Blues was sent back in the game.
19:26 of 3rd period - Anthony Mantha wins face-off versus Brandon Dubinsky in Blues zone.
19:26 of 3rd period - Anthony Mantha is hit by Brandon Dubinsky.
19:44 of 3rd period - Slapshot by Ben Smith.
19:44 of 3rd period - Stopped by Joonas Korpisalo without a rebound.
19:45 of 3rd period - Anthony Mantha wins face-off versus Brandon Dubinsky in Blues zone.
19:45 of 3rd period - Anthony Mantha is hit by Brandon Dubinsky.
Goals for this period are 2 for Blues vs 2 for Sharks.
Shots for this period are 12 for Blues vs 15 for Sharks.